Map: Triton LE

Players

Ziggy

  • Race: Terran Terran
  • Spawn Location: 11:00

puCK (Nina) - Winner!

  • Race: Protoss Protoss
  • Spawn Location: 5:00

VOD

Have the link to the VOD?

Description

Time

  • Played on: Sept. 6, 2019, 5:01 p.m.
  • Length: 23:43
Show
View Real Time Build Order
Export as new Build Order

Ziggy Terran 

Build Orders: Gas First Reaper Expand, Liberator Opening 

Get SALT Encoding   

  12  0:00  SCV  
  13  0:12  SCV  
  14  0:17  Supply Depot  
  14  0:25  SCV  
  15  0:30  Refinery  
  15  0:38  SCV  
  16  0:44  Barracks  
  16  0:50  SCV  
  17  1:02  SCV  
  18  1:14  SCV  
  19  1:30  Engineering Bay  
  19  1:31  Reaper  
  21  1:33  Orbital Command  
  20  1:55  Command Center  
  20  2:09  Barracks Reactor  
  20  2:10  Factory  
  20  2:13  SCV  
  21  2:18  Refinery  
  21  2:25  Supply Depot, SCV  
  22  2:39  SCV  
  23  2:51  SCV  
  24  2:55  Starport  
  24  2:59  Hellion x2  
  24  3:01  Barracks Tech Lab  
  24  3:03  SCV  
  29  3:13  Liberator  
  29  3:15  SCV  
  30  3:20  Orbital Command, Hellion x2  
  34  3:29  SCV  
  38  3:41  SCV  
  39  3:43  Supply Depot  
  39  3:47  SCV  
  39  3:51  Marine x2  
  39  3:53  SCV  
  39  3:55  Siege Tank  
  45  3:58  Liberator  
  45  4:01  SCV  
  46  4:05  Supply Depot, SCV  
  47  4:14  SCV  
  47  4:17  Marine x2  
  47  4:22  SCV  
  50  4:26  SCV  
  47  4:32  Siege Tank  
  47  4:34  SCV  
  47  4:35  Marine x2  
  47  4:38  SCV  
  54  4:44  Command Center  
  54  4:48  SCV  
  54  4:50  SCV  
  56  4:53  Marine x2  
  56  4:54  Supply Depot  
  58  5:00  SCV  
  58  5:01  Starport Tech Lab  
  58  5:04  Siege Tank  
  62  5:09  Supply Depot  
  62  5:15  SCV x2  
  62  5:19  Barracks  
  62  5:20  Barracks  
  58  5:24  Barracks Tech Lab  
  58  5:27  SCV x2  
  60  5:32  Engineering Bay  
  60  5:35  Refinery  
  60  5:37  Refinery  
  60  5:39  SCV x2  
  62  5:51  SCV x2  
  62  5:56  Orbital Command  
  57  6:00  Marine  
  57  6:02  Stimpack  
  57  6:03  Siege Tank  
  57  6:04  SCV x2  
  60  6:06  Starport Reactor  
  60  6:09  Marine  
  60  6:10  Marine  
  62  6:11  Terran Infantry Weapons Level 1  
  62  6:16  SCV  
  62  6:17  Marine, SCV  
  61  6:23  Missile Turret  
  61  6:25  SCV  
  62  6:26  Missile Turret  
  62  6:28  SCV  
  62  6:29  SCV  
  64  6:35  Siege Tank  
  64  6:37  Marine x2  
  64  6:39  SCV  
  70  6:40  SCV  
  70  6:42  Marauder  
  70  6:43  SCV  
  74  6:48  Marauder  
  74  6:51  SCV  
  74  6:52  Medivac  
  79  6:55  Marine  
  79  6:56  SCV  
  79  6:57  Combat Shield  
  76  7:03  Medivac  
  76  7:05  SCV  
  76  7:07  Siege Tank  
  82  7:14  SCV  
  82  7:15  Barracks x2  
  84  7:17  Armory  
  84  7:18  SCV  
  84  7:23  Engineering Bay, Marine  
  84  7:29  SCV  
  87  7:31  Marauder  
  87  7:33  Marauder, Marine  
  92  7:37  Medivac  
  92  7:39  Orbital Command  
  93  7:47  Supply Depot x2  
  93  7:48  Supply Depot  
  93  7:52  Terran Infantry Armor Level 1  
  93  7:54  Factory Reactor  
  93  8:03  SCV x2, Marine x2  
  93  8:04  Marauder x2  
  101  8:09  SCV  
  102  8:15  Barracks Tech Lab x2, SCV x2  
  102  8:17  Medivac  
  102  8:19  Medivac  
  108  8:21  Marine x2, SCV  
  108  8:25  Marauder x2  
  113  8:28  SCV x2  
  113  8:30  Supply Depot  
  113  8:33  SCV  
  116  8:36  Widow Mine x2  
  116  8:39  Terran Infantry Weapons Level 2, Marine  
  116  8:40  SCV  
  122  8:43  SCV  
  122  8:45  SCV  
  122  8:46  Refinery  
  125  8:48  Marauder, Refinery  
  125  8:49  Supply Depot  
  125  8:52  Marauder, SCV  
  125  8:55  SCV  
  128  8:57  Supply Depot, Medivac x2, SCV  
  133  9:03  Supply Depot x2  
  133  9:12  Marauder x2  
  133  9:14  Marauder x2, Concussive Shells  
  141  9:19  Widow Mine x2  
  140  9:29  Medivac  
  141  9:34  Marauder x2  
  141  9:36  Marauder x2  
  149  9:41  Widow Mine x2  
  149  9:45  Starport  
  147  9:49  Command Center  
  147  9:53  Terran Infantry Armor Level 2  
  147  9:55  Marauder x2  
  147  9:57  Marauder x2  
  155  10:02  Marine x2  
  157  10:07  Barracks  
  157  10:08  Barracks  
  157  10:09  Widow Mine x2  
  161  10:16  Viking x2  
  165  10:25  Ghost Academy, Starport Reactor  
  165  10:33  Marine  
  165  10:34  Marine  
  164  10:36  Marauder  
  164  10:38  Marine  
  164  10:39  Marauder  
  164  10:41  Marauder  
  164  10:42  Widow Mine x2  
  159  10:46  Viking  
  159  10:47  Viking  
  163  10:56  Marauder  
  165  11:00  Ghost, Marine x2  
  169  11:06  Supply Depot  
  169  11:07  Supply Depot  
  169  11:14  Ghost x2  
  169  11:16  Viking  
  169  11:17  Viking, Marine x2  
  169  11:18  Marauder  
  177  11:25  Viking x2  
  179  11:29  Planetary Fortress  
  179  11:32  Marine x3  
  179  11:37  Enhanced Shockwaves  
  179  11:38  Marine  
  178  11:49  Ghost  
  178  11:53  Marine  
  169  11:54  Marauder  
  169  11:56  Marine x2  
  169  11:57  Marauder  
  169  12:00  Marine  
  169  12:01  Marauder  
  122  12:11  Marine  
  122  12:14  Marine x2  
  119  12:15  Marauder  
  119  12:18  Marauder, Marine x2  
  119  12:21  Ghost  
  125  12:24  Terran Infantry Weapons Level 3  
  125  12:29  Marine  
  126  12:30  Liberator  
  126  12:32  Marine x2  
  126  12:33  Refinery  
  126  12:34  Terran Infantry Armor Level 3, Refinery  
  126  12:35  Ghost  
  126  12:36  Marauder, Marine  
  133  12:39  Marauder  
  135  12:47  Marine  
  135  12:50  Marine x2  
  135  12:51  Marauder  
  143  12:53  Liberator  
  143  12:54  Marauder  
  143  12:57  Marine  
  135  13:06  Marauder, Marine x2  
  135  13:08  Widow Mine x2  
  135  13:12  Marauder  
  147  13:15  Liberator  
  147  13:17  Ghost x2  
  147  13:18  Marine x2  
  147  13:24  Marauder, Marine  
  147  13:26  Command Center  
  150  13:27  Marine  
  150  13:34  Marauder  
  156  13:36  Marine x2  
  156  13:37  Widow Mine x2  
  162  13:42  Marine  
  162  13:45  Viking x2  
  162  13:46  Marauder x2  
  162  13:47  Marauder  
  172  13:55  Marauder  
  172  13:56  Marauder  
  164  14:04  Viking  
  164  14:09  Marine x2  
  170  14:10  Marauder x2  
  170  14:14  Sensor Tower  
  170  14:15  Viking  
  172  14:17  Viking  
  174  14:28  Marauder x2  
  174  14:29  Widow Mine x2  
  174  14:30  Barracks Tech Lab  
  182  14:38  Viking x2  
  184  14:44  Viking  
  188  14:47  Marine x2  
  188  14:48  Marauder x2  
  191  15:02  Marauder x2, Marine x2  
  191  15:05  Viking  
  196  15:15  Marine  
  196  15:16  Marauder  
  199  15:25  Marine  
  199  15:41  Marine  
  199  15:45  Viking x2  
  199  15:46  Medivac x2, Marine  
  199  15:47  Marauder x2, Marine x2  
  199  15:51  Marine  
  199  15:52  Marauder  
  165  16:05  Marine x2  
  165  16:06  Marauder  
  166  16:14  Marauder x2, Marine  
  166  16:15  Marauder x2, Medivac, Viking  
  166  16:16  Viking x2  
  183  16:20  Planetary Fortress  
  183  16:23  Marine  
  184  16:26  Ghost  
  184  16:29  Hi-Sec Auto Tracking  
  184  16:30  Neosteel Armor  
  184  16:31  Ghost  
  188  16:36  Marauder  
  190  16:45  Viking x2  
  193  16:51  Marauder, Marine  
  178  16:54  Marine  
  178  16:55  Marauder  
  178  17:01  Marauder, Marine  
  178  17:04  Marine  
  178  17:05  Marauder  
  152  17:09  Marine  
  152  17:12  Marine  
  152  17:13  Marauder  
  134  17:16  Marauder  
  134  17:17  Viking x2  
  134  17:19  Marine  
  134  17:22  Marine  
  139  17:23  Marauder  
  139  17:26  Marine  
  139  17:27  Viking, Marine  
  140  17:33  Ghost  
  140  17:35  Marine  
  140  17:36  Ghost  
  145  17:37  Marine  
  145  17:42  Marine  
  145  17:43  Marine  
  150  17:44  Marauder  
  150  17:53  Sensor Tower  
  150  17:55  Ghost  
  150  17:56  Marine x2  
  154  17:59  Ghost  
  154  18:01  Marine  
  154  18:03  Personal Cloaking  
  157  18:06  Marauder x2, Marine  
  157  18:12  Orbital Command  
  162  18:13  Widow Mine, Marine  
  162  18:19  Ghost  
  167  18:22  Marine  
  167  18:24  Marauder  
  170  18:27  Liberator x2  
  170  18:28  Liberator x2, Marine x2  
  170  18:29  Marauder  
  166  18:43  Marine  
  166  18:44  Marauder, Marine  
  166  18:45  Marine  
  166  18:46  Marauder x2  
  175  18:56  Ghost x2  
  175  19:01  Marine  
  180  19:03  Marauder  
  182  19:12  Marine x2  
  184  19:23  Marine  
  184  19:24  Marauder  
  187  19:27  Viking x2  
  187  19:28  Viking x2, Marine  
  187  19:29  Marauder  
  174  19:32  Marine x2  
  174  19:33  Marauder  
  167  19:40  Marine  
  167  19:44  Marine  
  167  19:45  Marauder  
  151  19:46  Marauder  
  151  19:52  Marine x2  
  149  19:57  Viking x2  
  149  19:58  Viking x2  
  157  20:01  Marine x2  
  157  20:04  Ghost  
  161  20:07  Marine x3  
  162  20:16  Marauder, Marine  
  162  20:19  Ghost x2  
  169  20:25  Marauder, Marine  
  169  20:26  Ghost  
  169  20:27  Viking x3  
  169  20:28  Viking  
  182  20:32  Ghost  
  182  20:34  Marine  
  183  20:37  Marine  
  183  20:40  Liberator x2  
  184  20:42  Marine  
  184  20:46  Marine  
  182  20:56  Marauder, Marine x2  
  186  20:57  Viking  
  186  20:58  Viking  
  186  20:59  Refinery  
  186  21:01  Refinery  
  196  21:04  Orbital Command, Marine  
  196  21:08  Marauder  
  196  21:10  Liberator  
  184  21:12  Marine  
  184  21:13  Marauder, Marine x2  
  169  21:27  Viking  
  169  21:30  Marauder x2, Marine x2  
  169  21:31  Marauder  
  173  21:40  Medivac  
  173  21:45  Ghost  
  173  21:47  Marauder, Marine  
  177  21:50  Refinery  
  180  21:54  Marine  
  180  21:55  Marauder, Marine  
  180  21:56  Marauder  
  185  22:10  Marauder, Marine  
  169  22:17  Marine  
  169  22:18  Marauder  
  169  22:19  Marine  
  169  22:20  Marauder  
  167  22:25  Marine  
  167  22:26  Marauder  
  167  22:29  Viking  
  159  22:36  Ghost  
  158  22:43  Medivac x2  
  160  22:50  SCV x3  
  163  22:56  Ghost  
  163  22:58  Marine x2  
  167  23:02  SCV  
  164  23:10  Ghost x2  
  164  23:12  Viking  
  166  23:18  Marauder, Marine  
Show
View Real Time Build Order
Export as new Build Order

puCK Protoss - Winner!

Build Orders: Phoenix Opening, Colossus Rush 

Get SALT Encoding   

  12  0:00  Probe  
  13  0:12  Probe  
  14  0:17  Pylon  
  14  0:24  Probe  
  15  0:32  Probe  
  15  0:39  Gateway  
  15  0:40  Probe  
  17  0:50  Assimilator  
  17  0:51  Probe  
  18  1:03  Probe  
  19  1:15  Probe  
  20  1:26  Cybernetics Core  
  20  1:33  Probe  
  20  1:35  Zealot  
  20  1:36  Pylon, Assimilator  
  23  1:53  Adept  
  23  1:54  Probe  
  24  2:06  Probe  
  27  2:15  Robotics Facility  
  26  2:18  Probe  
  27  2:28  Sentry, Nexus  
  27  2:31  Probe  
  30  2:43  Probe  
  31  2:47  Pylon  
  31  2:56  Pylon  
  31  3:02  Warp Prism  
  31  3:03  Phoenix  
  31  3:05  Probe, Robotics Bay  
  34  3:17  Warp Gate  
  34  3:19  Probe  
  35  3:26  Stalker  
  37  3:31  Probe  
  38  3:40  Probe  
  38  3:45  Probe  
  40  3:48  Probe  
  40  3:54  Disruptor  
  44  3:57  Probe x2  
  44  4:01  Shield Battery  
  46  4:04  Gravitic Drive  
  46  4:09  Probe  
  42  4:27  Probe  
  42  4:28  Observer  
  43  4:33  Probe  
  43  4:37  Shield Battery  
  45  4:39  Probe  
  47  4:45  Probe  
  47  4:46  Gateway  
  47  4:47  Gateway  
  47  4:51  Probe  
  48  4:57  Probe  
  47  5:03  Probe  
  48  5:08  Stalker  
  48  5:09  Probe  
  51  5:15  Pylon, Probe  
  51  5:18  Colossus  
  52  5:22  Probe  
  52  5:27  Probe  
  58  5:32  Pylon  
  58  5:35  Probe  
  61  5:40  Stalker  
  63  5:45  Probe  
  62  5:56  Probe  
  58  6:01  Probe  
  59  6:06  Twilight Council  
  59  6:10  Immortal  
  59  6:11  Probe  
  60  6:20  Probe  
  60  6:21  Zealot  
  60  6:24  Probe  
  68  6:35  Nexus  
  68  6:39  Pylon  
  68  6:44  Zealot x2  
  72  6:47  Probe  
  72  6:49  Charge  
  72  6:51  Probe  
  74  7:05  Probe x2  
  76  7:09  Immortal  
  76  7:10  Assimilator  
  76  7:15  Forge  
  80  7:17  Probe x2  
  82  7:27  Zealot x2  
  86  7:31  Pylon  
  86  7:35  Pylon  
  86  7:44  Gateway  
  86  7:47  Gateway x2  
  86  7:49  Zealot  
  86  7:50  Zealot  
  90  7:52  Gateway  
  90  7:53  Probe x2  
  90  7:57  Probe  
  93  8:04  Protoss Ground Weapons Level 1  
  93  8:05  Probe x2  
  95  8:11  Probe  
  90  8:15  Colossus  
  90  8:17  Probe x2, Extended Thermal Lance  
  92  8:23  Probe  
  99  8:27  Probe x2  
  99  8:30  Sentry  
  99  8:32  Zealot x2  
  107  8:35  Probe x3  
  110  8:42  Pylon x2  
  110  8:47  Probe  
  109  8:50  Blink  
  109  8:54  Assimilator  
  109  8:56  Assimilator  
  109  9:00  Stalker x3  
  115  9:13  Zealot x4  
  123  9:17  Pylon  
  123  9:18  Pylon  
  123  9:23  Colossus  
  127  9:25  Zealot x3  
  127  9:41  Stalker x4  
  135  9:49  Stalker x2  
  132  9:55  Protoss Ground Armor Level 1, Pylon  
  132  9:58  Sentry  
  134  10:02  Nexus  
  134  10:04  Forge  
  134  10:06  Zealot x2  
  138  10:09  Zealot  
  140  10:15  Immortal  
  140  10:20  Protoss Ground Weapons Level 2  
  144  10:24  Zealot x3  
  150  10:28  Pylon  
  138  10:49  Zealot x5  
  146  10:50  Robotics Facility  
  146  10:54  Immortal  
  150  10:59  Pylon, Probe  
  150  11:00  Probe  
  152  11:05  Photon Cannon  
  152  11:27  Zealot x7  
  152  11:31  Templar Archives, Probe x2  
  152  11:32  Probe  
  169  11:33  Probe  
  169  11:36  Warp Prism  
  172  11:43  Probe x2, Assimilator  
  172  11:44  Probe  
  172  11:45  Probe  
  150  12:00  Protoss Ground Armor Level 2  
  128  12:04  Colossus  
  128  12:05  Colossus  
  128  12:07  Probe  
  107  12:14  Probe  
  120  12:16  Sentry  
  120  12:17  Sentry  
  120  12:20  Assimilator x2  
  120  12:21  Psionic Storm  
  124  12:23  Zealot  
  124  12:25  Zealot  
  128  12:35  Probe  
  129  12:37  Photon Cannon  
  129  12:40  Zealot  
  129  12:41  Zealot  
  133  12:45  Zealot x4  
  133  12:48  High Templar  
  133  12:51  Disruptor  
  143  12:55  Disruptor  
  132  13:07  Zealot x3  
  132  13:08  Zealot x3  
  137  13:21  Colossus  
  137  13:22  Protoss Ground Weapons Level 3  
  137  13:23  Gateway  
  137  13:24  Gateway  
  137  13:25  Photon Cannon  
  137  13:26  Shield Battery, Gateway  
  137  13:29  Gateway, Zealot  
  137  13:31  Zealot  
  137  13:33  Probe x2  
  149  13:36  Colossus  
  149  13:38  Stalker x4  
  145  14:04  Zealot x7  
  159  14:20  Nexus  
  159  14:21  High Templar x3  
  163  14:27  High Templar x2  
  163  14:29  Photon Cannon  
  167  14:32  Pylon  
  167  14:35  Colossus x2  
  176  14:39  Pylon, Zealot x2  
  177  14:58  Stalker x5  
  187  15:06  Pylon x2  
  187  15:10  Archon  
  187  15:25  Stalker x5  
  189  15:47  Archon  
  189  15:48  Zealot x11  
  198  15:55  Colossus x2  
  146  16:12  High Templar x8  
  146  16:16  Archon x3  
  146  16:17  Archon  
  162  16:19  Zealot x3  
  168  16:38  Pylon  
  168  16:41  Nexus  
  168  16:43  High Templar x3  
  174  16:48  Disruptor  
  173  16:55  Pylon  
  173  16:56  Zealot  
  130  17:08  Zealot x7  
  130  17:15  Archon  
  122  17:17  Zealot x2  
  122  17:18  Zealot x2  
  122  17:22  Probe  
  129  17:23  Disruptor  
  129  17:27  Disruptor  
  133  17:32  Protoss Ground Armor Level 3  
  133  17:38  Shield Battery, High Templar x2  
  133  17:39  High Templar  
  133  17:43  High Templar  
  141  17:48  Zealot  
  143  17:57  Stalker x2  
  143  17:58  Stalker  
  149  17:59  Sentry  
  151  18:11  Zealot  
  153  18:14  Stalker x4  
  153  18:15  Stalker  
  153  18:18  Observer  
  153  18:19  Assimilator  
  163  18:23  Assimilator  
  163  18:24  Photon Cannon  
  167  18:35  Zealot x4  
  173  18:57  Archon  
  173  19:01  Stalker x3  
  173  19:02  Zealot x3, Stalker  
  187  19:04  Disruptor  
  190  19:10  Pylon  
  190  19:12  Pylon  
  190  19:22  Disruptor  
  188  19:24  High Templar x2  
  179  19:39  Stalker x9  
  166  19:49  Disruptor  
  161  19:58  Disruptor  
  164  20:03  Zealot x8  
  164  20:06  Nexus  
  178  20:24  Colossus, High Templar x3  
  190  20:34  Colossus  
  196  20:36  Pylon  
  196  20:53  Archon  
  176  21:18  Disruptor  
  152  21:21  Stalker x2  
  152  21:22  Stalker x3  
  165  21:27  Disruptor  
  161  21:45  Zealot x6  
  173  21:53  Probe  
  173  21:54  Disruptor  
  174  21:56  Photon Cannon  
  174  21:57  High Templar x2  
  174  22:00  High Templar  
  183  22:01  Zealot x2  
  183  22:03  Disruptor  
  184  22:27  Stalker x6  
  184  22:28  Stalker x2  
  184  22:29  Colossus  
  183  22:30  Archon, Zealot  
  189  22:39  Colossus  
  189  22:42  Zealot x2  
  197  22:51  Assimilator  
  197  22:53  High Templar  
  197  22:54  Assimilator  
  197  22:57  Photon Cannon  
  199  22:59  Shield Battery  
  193  23:15  Nexus  
  193  23:19  Zealot  
  195  23:22  Photon Cannon  
  195  23:25  Photon Cannon  
Tags
 
Add a new tag
Caveats
  • Supply blocks, unpowered buildings, or Contaminate may cause inaccurate times.
  • Supply counts are checked every 10 seconds.